 Dungeon Crawl Stone Soup version 0.28.0-49-g6dfe1f597d (webtiles) character file.

Game seed: 9409531317208275906

46 Exodus22XD the Poker (level 3, -2/27 HPs)
             Began as a Demonspawn Gladiator on May 15, 2022.
             Slain by a hobgoblin (5 damage)
             ... led by Robin
             ... on level 2 of the Dungeon.
             The game lasted 00:01:03 (1044 turns).

Exodus22XD the Poker (Demonspawn Gladiator)         Turns: 1044, Time: 00:01:03

Health: -2/27      AC:  5    Str: 16    XL:     3   Next: 46%
Magic:  3/3        EV: 12    Int:  9    God:
Gold:   38         SH:  0    Dex: 14    Spells: 2/2 levels left

rFire   . . .      SeeInvis .   a - +0 trident
rCold   . . .      Faith    .   (no shield)
rNeg    . . .      Spirit   .   b - +0 leather armour
rPois   .          Reflect  .   c - +0 helmet
rElec   .          Harm     .   (no cloak)
rCorr   .          Rampage  .   (no gloves)
Will    .....                   f - +0 pair of boots
Stlth   +.........              (no amulet)
HPRegen 0.09/turn               (no ring)
MPRegen 0.08/turn               (no ring)

@: no status effects
A: demonic touch 1
a: no special abilities


You were on level 2 of the Dungeon.
You visited 1 branch of the dungeon, and saw 2 of its levels.

You collected 38 gold pieces.

Inventory:

Hand Weapons
 a - a +0 trident (weapon)
Missiles
 d - 3 throwing nets (quivered)
Armour
 b - a +0 leather armour (worn)
 c - a +0 helmet (worn)
 f - a +0 pair of boots (worn)
Scrolls
 h - a scroll of identify {unknown}
Potions
 e - 2 potions of haste {unknown}
 g - a potion of ambrosia {unknown}
 i - a potion of mutation {unknown}
 j - a potion of degeneration {unknown}
 k - a potion of attraction {unknown}


   Skills:
 + Level 2.2 Fighting
 + Level 3.5 Polearms
 + Level 1.8 Throwing
 + Level 0.4 Armour
 + Level 3.0 Dodging
 + Level 0.2 Stealth


You had 2 spell levels left.
You didn't know any spells.
Your spell library was empty.

Dungeon Overview and Level Annotations

Branches:
Dungeon (2/15)

Altars:

Annotations:
D:2 Robin


Innate Abilities, Weirdness & Mutations

Your touch may inflict minor irresistible damage on your foes.


Message History

The goblin is moderately wounded.
The goblin no longer looks unusually strong. x2
The goblin hits you but does no damage. x2; The goblin hits you with a +0 club.
You closely miss the goblin.
The goblin is moderately wounded.
The hobgoblin shouts!
The goblin shouts!
The goblin barely misses you. The goblin hits you with a +0 club.
Robin roars a battlecry!
The goblins go into a battle-frenzy!
The goblin hits you but does no damage.
You are too injured to fight recklessly!
You barely miss the goblin.
You touch the goblin.
The goblin is severely wounded.
The goblin no longer looks unusually strong.
Robin roars a battlecry!
The goblin goes into a battle-frenzy!
The goblin barely misses you. The goblin hits you with a +0 club.
* * * LOW HITPOINT WARNING * * *
You puncture the goblin!
You kill the goblin!
The goblin no longer looks unusually strong.
The goblin hits you but does no damage.
You see here a +0 club.
Robin throws the goblin at you!
* * * LOW HITPOINT WARNING * * *
You closely miss the goblin. The goblin hits you but does no damage.
The goblin misses you. x2; The goblin barely misses you.
You closely miss the goblin. Robin throws the goblin at you!
* * * LOW HITPOINT WARNING * * *
The goblin barely misses you. The goblin hits you but does no damage.
You barely miss the goblin. The goblin hits you with a +0 dagger.
* * * LOW HITPOINT WARNING * * *
The goblin barely misses you. The goblin closely misses you. x2
You puncture the goblin!
You kill the goblin!
Robin throws the goblin at you!
The goblin hits you but does no damage. x3
You hit the goblin.
You kill the goblin!
The hobgoblin hits you.
You die...

.........##†............#
.........##.###.#######.#
.......##.# #.# #.#
#.)..##+###.# #.#
#...........# #.#
#...........# #.#
##..........#######.#
##........gg)..<##.#
#....)...g@######.#
######)##gg######.#
######)##.g.......#
###......)....#######
#........###..#
#........# #..########
#........# #.........#
#........# ##.######.#
#........# #.# #.#


You could see Robin, a hobgoblin (strong) and 4 goblins.

Vanquished Creatures
  2 dart slugs (D:1)
  5 endoplasms
  A giant cockroach (D:1)
  11 goblins
  2 hobgoblins
  A quokka (D:1)
  5 ball pythons
  3 bats
  A frilled lizard (D:1)
  3 kobolds
  3 rats
37 creatures vanquished.

Notes
Turn   | Place    | Note
-------+----------+-------------------------------------------
     0 | D:1      | Exodus22XD the Demonspawn Gladiator began the quest for the
                  | Orb.
     0 | D:1      | Reached XP level 1. HP: 16/16 MP: 1/1
   132 | D:1      | Found a faded altar of an unknown god.
   255 | D:1      | Gained mutation: Your touch may inflict minor irresistible
                  | damage on your foes. [demonic ancestry]
   255 | D:1      | Reached XP level 2. HP: 22/22 MP: 2/2
   701 | D:1      | You fall into a shaft and drop 1 floor!
   813 | D:2      | Reached XP level 3. HP: 26/27 MP: 3/3
  1015 | D:2      | Identified the -1 helmet of the Valley {Rampage Fly rF+
                  | Will-}
  1015 | D:2      | Noticed Robin
  1044 | D:2      | Slain by a hobgoblin

Illustrated notes

Levels and vault maps discovered:
D:1:      dpeg_arrival_oval, layout_rooms, shapermc_ecumenical_altar_petra
D:2:      layout_basic, minivault_25, uniq_robin

Skill      XL: |  1  2  3 |
---------------+----------+-----
Polearms       | 3 |  3.5
Dodging        | 3 |  3.0
Fighting       | |  2.2
Throwing       | |  1.8
Armour         | |  0.4
Stealth        | |  0.2

Action                   || total
-------------------------++-------
Melee: Trident           ||   100
       Touch             ||     5
 Stab: Sleeping          ||     1
Armor: Leather armour    ||    34
Dodge: Dodged            ||    67
